 Dungeon Crawl Stone Soup version 0.29.1-13-g9f3cf754e1 (webtiles) character file.

Game seed: 12597800319747382512

37 H0rd4k the Charlatan (level 3, 0/24 HPs)
             Began as an Octopode Artificer on Feb 8, 2023.
             Slain by an orc
             ... wielding a +0 hand axe
              (3 damage)
             ... on level 2 of the Dungeon.
             The game lasted 00:01:06 (1563 turns).

H0rd4k the Charlatan (Octopode Artificer)           Turns: 1563, Time: 00:01:06

Health: 0/24       AC:  1    Str: 11    XL:     3   Next: 39%
Magic:  5/5        EV: 13    Int: 21    God:
Gold:   71         SH:  0    Dex: 12    Spells: 5/5 levels left

rFire   . . .      SeeInvis .     - Unarmed
rCold   . . .      Faith    .   (no shield)
rNeg    . . .      Spirit   .   (helmet restricted)
rPois   .          Reflect  .   (no amulet)
rElec   .          Harm     .   a - +6 ring of intelligence
rCorr   .          Rampage  .   (no ring)
Will    .....                   (no ring)
Stlth   +++.......              (no ring)
HPRegen 0.08/turn               (no ring)
MPRegen 0.09/turn               (no ring)
                                (no ring)
                                (no ring)

@: no status effects
A: almost no armour, amphibious, 8 rings, camouflage 1, gelatinous body 1,
(nimble swimmer 1), tentacles
a: no special abilities


You were on level 2 of the Dungeon.
You visited 1 branch of the dungeon, and saw 2 of its levels.

You collected 71 gold pieces.

Inventory:

Jewellery
 a - a +6 ring of intelligence (left tentacle)
Wands
 b - a wand of flame (13) (quivered)
 c - a wand of charming (14)
 d - a wand of iceblast (5)
Scrolls
 e - a scroll of fog {unknown}
 g - 2 scrolls of identify {unknown}
Potions
 f - a potion of heal wounds {unknown}
 h - a potion of might {unknown}
 i - a potion of flight {unknown}
 j - a potion of cancellation {unknown}


   Skills:
 * Level 1.9 Fighting
 - Level 2.3 Dodging
 - Level 1.3 Stealth
 + Level 1.2 Unarmed Combat
 * Level 1.5 Spellcasting
 - Level 3.2 Evocations


You had 5 spell levels left.
You didn't know any spells.
Your spell library was empty.

Dungeon Overview and Level Annotations

Branches:
Dungeon (2/15)

Altars:

Annotations:
D:2 Jessica


Innate Abilities, Weirdness & Mutations

You cannot wear most types of armour.
You are amphibious.
You can wear up to eight rings at the same time.
Your skin changes colour to match your surroundings (Stealth+).
Your rubbery body absorbs attacks. (AC +1, EV +1)
((You are camouflaged when in or above water. (Stealth+)))
You have tentacles for arms and can constrict up to eight enemies at once.


Message History

Found a stone staircase leading down.
Found a club.
No target in view!
j - a metallic dark potion No target in view!
No target in view!
No target in view!
A giant cockroach comes into view.
An orc comes into view. It is wielding a +0 hand axe.
A giant cockroach is nearby!
There are monsters nearby!
An orc comes into view. It is wielding a +0 hand axe.
An orc comes into view. It is wielding a +0 short sword.
The orc moves out of view.
The orc shouts!
You tentacle-slap the orc. You grab the orc.
The orc is lightly wounded.
You constrict the orc, but do no damage.
The orc hits you with a +0 hand axe.
Jessica the Apprentice Sorceress comes into view.
She is wielding a +0 club.
Jessica shouts!
The orc shouts!
You tentacle-slap the orc but do no damage.
The orc is lightly wounded.
You constrict the orc, but do no damage.
The orc hits you with a +0 hand axe!
An orc comes into view. It is wielding a +0 club.
The orc shouts!
You tentacle-slap the orc.
The orc is severely wounded.
You constrict the orc.
You kill the orc!
The giant cockroach barely misses you. The orc barely misses you.
The giant cockroach closely misses you. Jessica gestures at you while chanting.
Pain shoots through your body!
* * * LOW HITPOINT WARNING * * *
Things that are here:
a +0 hand axe; a +0 ring mail; 8 gold pieces The orc attacks as you move away!
The orc hits you with a +0 hand axe.
You die...

.. ....#. ##....... #.#.
#..##..@# #.#.
##.......# #
#...#######........#.##.
#.......................
#.#...........##.o...##.
#.##............@B.o.o..
#.###..#..##..##)#.###.#
#....................
#<###..#.##.#.##.#.###
#.# #.>..##.#.##.#...
#.# #.#####.#.##.# #.#
....... ..#.##.# .#
#...#.. ..#..... .
#...#### #.####


You could see Jessica, 3 orcs and a giant cockroach.

Vanquished Creatures
  3 dart slugs (D:1)
  An orc (D:2)
  3 endoplasms (D:1)
  A giant cockroach (D:1)
  A goblin (D:1)
  2 hobgoblins (D:1)
  5 jackals (D:1)
  A kobold (D:1)
  A quokka (D:1)
  3 bats (D:1)
  6 rats (D:1)
27 creatures vanquished.

Vanquished Creatures (others)
  A jackal (D:1)
  6 plants (D:1)
7 creatures vanquished.

Grand Total: 34 creatures vanquished

Notes
Turn   | Place    | Note
-------+----------+-------------------------------------------
     0 | D:1      | H0rd4k the Octopode Artificer began the quest for the Orb.
     0 | D:1      | Reached XP level 1. HP: 13/13 MP: 1/1
   139 | D:1      | Reached skill level 1 in Spellcasting
   139 | D:1      | Reached XP level 2. HP: 9/18 MP: 1/3
   974 | D:1      | Reached XP level 3. HP: 24/24 MP: 5/5
  1007 | D:1      | Reached skill level 1 in Unarmed Combat
  1559 | D:2      | Noticed Jessica
  1563 | D:2      | Slain by an orc

Illustrated notes

Levels and vault maps discovered:
D:1:      eino_arrival_druids_welcome, layout_basic, st_stairs_11,
          minmay_misc_feat_encased
D:2:      layout_basic, chequers_serial_rivers_marsh, bh_walls_and_bars,
          uniq_jessica

Skill      XL: |  1  2  3 |
---------------+----------+-----
Spellcasting   | 1 |  1.5
Unarmed Combat | 1 |  1.2
Fighting       | |  1.9
Dodging        | |  2.3
Stealth        | |  1.3
Evocations     | |  3.2

Action                   || total
-------------------------++-------
Melee: Unarmed           ||    67
       Constrict         ||    21
       Tentacles         ||    16
       Punch             ||     2
Evoke: Wand              ||     3
 Stab: Sleeping          ||     4
Armor: Skin              ||    13
Dodge: Dodged            ||    52
